AoeStats
← TM Caesar

Migration

507160864Analyzed
1v1 RM · 17d ago on Sep 16, 2026· 45m 16s· 2 players
Game mode
Random Map
Map size
132×132
Population
200
Speed
Normal
Resources
Standard
Victory
Conquest
Starting age
Dark Age
Ending age
Imperial Age
RankedLock teamsTeams togetherTeam positionsShared explorationLock speedFull tech treeHidden civsTurbo modeCheats
Victory
Defeat
🇩🇪 Persians · Germany
1699
+17
🇦🇷 Koreans · Argentina
1714
-17
ExequielPalacios25
10:34 Feudal Age
13:59 Castle Age
12:37 Double-Bit Axe
13:27 Gold Mining
15:08 Bow Saw
15:31 Medium Warships
15:34 Loom
21:38 Horse Collar
23:00 Town Watch
23:44 Stone Mining
25:18 Demolition Ship
27:49 Wheelbarrow
28:37 Heavy Plow
32:40 Imperial Age
31:19 Fletching
31:59 Hand Cart
31:47 Town Patrol
33:40 Heavy Warships
34:23 Careening
34:24 Clinker Construction
35:05 Gold Shaft Mining
36:07 Chemistry
35:27 Ballistics
36:00 Dry Dock
35:49 Siphons
36:10 Bodkin Arrow
36:59 Ballistics
37:01 Dry Dock
38:29 Elite War Elephant
39:14 Scale Barding Armor
39:55 Masonry
41:57 Two-Man Saw
42:12 Chain Barding Armor
43:28 Plate Barding Armor
43:41 Forging
43:15 Heavy Demolition Ship
44:21 Husbandry
44:33 Bloodlines
45:45 Iron Casting
TM Caesar
10:08 Feudal Age
10:35 Double-Bit Axe
17:11 Castle Age
15:31 Fletching
18:04 Bodkin Arrow
18:26 Bow Saw
19:38 Medium Warships
20:49 Ballistics
24:33 Clinker Construction
24:20 Loom
27:57 Wheelbarrow
28:13 Horse Collar
34:37 Imperial Age
33:18 Treadmill Crane
33:48 Fishing Lines
35:10 Masonry
34:47 Elite Turtle Ship
35:28 Bracer
38:04 Chemistry
43:21 Hand Cart
43:55 Architecture
Connection lost

Rejoining the realm…

Still unreachable

The connection could not be restored.

Session expired

The server has moved on; the page needs a fresh start.